 Dungeon Crawl Stone Soup version 0.28.0 (webtiles) character file.

Game seed: 10323591009068924210

1178 Jerry the Chopper (level 7, -2/61 HPs)
             Began as a Demigod Fighter on Feb 8, 2022.
             Killed from afar by a white imp (7 damage)
             ... with a puff of frost
             ... summoned by Eustachio
             ... on level 6 of the Dungeon.
             The game lasted 00:19:29 (6361 turns).

Jerry the Chopper (Demigod Fighter)                 Turns: 6361, Time: 00:19:29

Health: -2/61      AC:  8    Str: 21    XL:     7   Next: 98%
Magic:  9/9        EV:  9    Int: 14    God:
Gold:   220        SH:  6    Dex: 19    Spells: 6/6 levels left

rFire   . . .      SeeInvis .   a - +0 war axe
rCold   . . .      Faith    .   c - +0 buckler
rNeg    . . .      Spirit   .   b - +0 scale mail
rPois   .          Reflect  .   (no helmet)
rElec   .          Harm     .   (no cloak)
rCorr   .          Rampage  .   p - +0 pair of gloves
Will    .....                   (no boots)
Stlth   ..........              (no amulet)
HPRegen 0.20/turn               h - +6 ring of dexterity
MPRegen 0.11/turn               (no ring)

@: no status effects
A: high MP 1, forlorn, divine attributes
a: no special abilities


You were on level 6 of the Dungeon.
You visited 1 branch of the dungeon, and saw 6 of its levels.

You collected 220 gold pieces.

Inventory:

Hand Weapons
 a - a +0 war axe (weapon)
Armour
 b - a +0 scale mail (worn)
 c - a +0 buckler (worn)
 p - a +0 pair of gloves (worn)
Jewellery
 h - a +6 ring of dexterity (left hand)
Scrolls
 g - a scroll of identify
 j - a scroll of holy word {unknown}
Potions
 d - 3 potions of curing
 e - 2 potions of berserk rage {unknown}
 f - a potion of heal wounds {unknown}
 i - a potion of ambrosia {unknown}
 k - 2 potions of magic {unknown}
 l - a potion of mutation
 m - a potion of invisibility
 n - a potion of attraction {unknown}


   Skills:
 + Level 5.2 Fighting
 * Level 5.4 Axes
 + Level 5.1 Armour
 - Level 4.4 Shields


You had 6 spell levels left.
You didn't know any spells.
Your spell library was empty.

Dungeon Overview and Level Annotations

Branches:
Dungeon (6/15)
 Temple: D:4-7

Shops:
D:1 :

Annotations:
D:5 2 runed translucent doors, AllIsDust's ghost, novice MiBe
D:6 Eustachio


Innate Abilities, Weirdness & Mutations

You have an increased reservoir of magic. (+10% MP)
You shall have no god before yourself.
Your divine heritage dramatically boosts your attributes as you level up.


Message History

The white imp puffs mist at you. The white imp hits you.
The white imp freezes you.
You hit Eustachio.
Eustachio is severely wounded.
You hit the white imp but do no damage. You closely miss the crimson imp.
You block Eustachio's attack. The crimson imp barely misses you.
The white imp hits you but does no damage.
Eustachio gestures wildly while chanting.
Eustachio blinks!
You block the crimson imp's attack. The white imp gestures at you.
The puff of frost misses you.
The crimson imp hits you but does no damage.
You hit Eustachio.
Eustachio is severely wounded.
You closely miss the white imp.
You hit the crimson imp but do no damage.
Eustachio hits you with a +0 rapier. The white imp puffs mist at you.
You block the white imp's attack. The crimson imp hits you.
You hit Eustachio.
Eustachio is severely wounded.
You hit the crimson imp. You hit the white imp but do no damage.
Eustachio hits you with a +0 rapier!
* * * LOW HITPOINT WARNING * * *
The white imp gestures at you. The puff of frost hits you!
* * * LOW HITPOINT WARNING * * *
The crimson imp blinks!
You miss Eustachio.
Eustachio is severely wounded.
You closely miss the white imp. You slash the giant cockroach!
You kill the giant cockroach!
Eustachio gestures wildly while chanting.
The white imp gestures at you. The puff of frost hits you.
* * * LOW HITPOINT WARNING * * *
Eustachio misses you. The white imp gestures at you.
The puff of frost hits you!
You die...

.=.......##...
........#...# .
............ ..
...5..#.... ...
#.......>.# ....
##.........#
....$#..b.......#
........†<......#
##..##55@@......
......##
#)##########
......# #..≈
.....###rB.≈ ###
.8........≈ ....
........## .....
.K....$..
......#.@....#
#.K.<....#


You could see Eustachio, an iron imp (summoned), a crimson imp (summoned), a
white imp (summoned) and a bat (summoned).

Vanquished Creatures
  Grinder (D:3)
  A black bear (D:4)
  An orc warrior (D:4)
  A centaur (D:5)
  A kobold brigand (D:6)
  3 scorpions
  2 hounds (D:4)
  2 orc priests
  2 jellies
  4 iguanas
  Jessica (D:3)
  A killer bee zombie (D:5)
  7 adders
  A shadow imp (D:6)
  2 worms
  5 dart slugs
  7 orcs
  6 ball pythons
  5 endoplasms
  5 giant cockroaches
  8 goblins
  5 hobgoblins
  8 jackals
  10 kobolds
  7 quokkas
  5 bats
  4 frilled lizards
  A quokka skeleton (D:4)
  6 rats (D:1)
112 creatures vanquished.

Vanquished Creatures (others)
  2 plants (D:4)
2 creatures vanquished.

Grand Total: 114 creatures vanquished

Notes
Turn   | Place    | Note
-------+----------+-------------------------------------------
     0 | D:1      | Jerry the Demigod Fighter began the quest for the Orb.
     0 | D:1      | Reached XP level 1. HP: 18/18 MP: 3/3
     1 | D:1      | Noticed an electric eel
   185 | D:1      | Reached XP level 2. HP: 25/25 MP: 4/4
   330 | D:1      | Found Ledemuaq's Book Emporium.
   700 | D:1      | Reached XP level 3. HP: 16/31 MP: 5/5
  1650 | D:2      | Reached XP level 4. HP: 31/38 MP: 6/6
  2161 | D:3      | Noticed Jessica
  2190 | D:3      | Killed Jessica
  2410 | D:3      | Noticed Grinder
  2420 | D:3      | Killed Grinder
  2421 | D:3      | Reached XP level 5. HP: 26/46 MP: 7/7
  2421 | D:3      | Reached XP level 6. HP: 29/52 MP: 8/8
  3576 | D:4      | Reached XP level 7. HP: 3/60 MP: 9/9
  4417 | D:5      | Entered Level 5 of the Dungeon
  4709 | D:5      | Found a runed translucent door.
  5300 | D:5      | Reached skill level 5 in Fighting
  5300 | D:5      | Reached skill level 5 in Axes
  5300 | D:5      | Reached skill level 5 in Armour
  5813 | D:5      | Found a runed translucent door.
  5837 | D:5      | Noticed AllIsDust's ghost (novice MiBe)
  6100 | D:6      | Noticed Eustachio
  6361 | D:6      | Killed from afar by a white imp

Illustrated notes

Levels and vault maps discovered:
D:1:      arrival_aquarium_a, layout_basic, serial_shops, shop, minmay_tall_x
D:2:      layout_rooms, dilly_ecumenical_altar_fadedgnrine
D:3:      layout_loops_ring, minivault_19, uniq_grinder, uniq_jessica
D:4:      layout_loops_ring, serial_bayou_lagoon_b
D:5:      layout_basic, lemuel_tele_altar, ebering_ghost_sewer_f,
          chequers_arboretum
D:6:      layout_cave_pools, portal_sewer_entry_f, serial_column_ruins,
          column_ruins_hut, column_ruins_open_medium, column_ruins_grid_1,
          column_ruins_open_medium, column_ruins_grid_1, roderic_filled_cross,
          hangedman_abyss_or_decor_stagger, minmay_microvault, uniq_eustachio

Skill      XL: |  1  2  3  4  5  6  7 |
---------------+----------------------+-----
Axes           | 2 3 5 |  5.4
Fighting       | 3 4 5 |  5.2
Armour         | 3 4 5 |  5.1
Shields        | 3 4 |  4.4

Action                   |  1- 3 |  4- 6 |  7- 9 || total
-------------------------+-------+-------+-------++-------
Melee: War axe           |   132 |   122 |   147 ||   401
  Use: Potion            |       |     1 |       ||     1
       Scroll            |       |     6 |       ||     6
Armor: Scale mail        |    65 |    52 |    64 ||   181
Dodge: Dodged            |    63 |    56 |    65 ||   184
Block: Buckler           |    42 |    39 |    44 ||   125
